 Dungeon Crawl Stone Soup version 0.17.0-24-gcfadda4 (webtiles) character file.

21 Raultor the Firebug (level 2, -7/17 HPs)
             Began as an Octopode Fire Elementalist on Nov 16, 2015.
             Mangled by Robin
             ... wielding a +0 whip
              (9 damage)
             ... on level 1 of the Dungeon.
             The game lasted 00:04:25 (1078 turns).

Raultor the Firebug (Octopode Fire Elementalist)    Turns: 1078, Time: 00:04:25

Health: -7/17      AC:  1    Str:  7    XL:     2   Next: 83%
Magic:  3/5        EV: 12    Int: 17    God:
Gold:   29         SH:  0    Dex: 12    Spells: 1 memorised, 4 levels left

rFire  . . .     SeeInvis .     (no weapon)
rCold  . . .     Clarity  .     (no shield)
rNeg   . . .     SustAt   .     (helmet restricted)
rPois  .         Gourm    .     (no amulet)
rElec  .         Spirit   .     (no ring)
rCorr  .         Warding  .     (no ring)
rMut   .         Stasis   .     (no ring)
MR     .....                    (no ring)
Stlth  +++.......               (no ring)
                                (no ring)
                                (no ring)
                                (no ring)

@: not resistant to hostile enchantments, fairly stealthy
A: almost no armour, amphibious, 8 rings, constrict 8, camouflage 1, gelatinous
body 1
a: no special abilities


You were on level 1 of the Dungeon.
You were hungry.

You visited 1 branch of the dungeon, and saw 2 of its levels.

You collected 29 gold pieces.

Inventory:

Scrolls
 d - a scroll of amnesia {unknown}
 e - 2 scrolls of teleportation {unknown}
 g - a scroll of enchant armour {unknown}
 h - a scroll of random uselessness {unknown}
Potions
 c - a potion of flight {unknown}
 f - a potion of agility {unknown}
Books
 a - a book of Flames

   Spells                             Type                      Level
   a - Flame Tongue                   Conjuration/Fire             1
   b - Throw Flame                    Conjuration/Fire             2
   c - Conjure Flame                  Conjuration/Fire             3
   d - Inner Flame                    Hexes/Fire                   3
   e - Sticky Flame                   Conjuration/Fire             4
   f - Fireball                       Conjuration/Fire             5
Comestibles
 b - 2 bread rations
 i - a meat ration


   Skills:
 - Level 2.0 Dodging
 - Level 2.6 Stealth
 - Level 2.2 Spellcasting
 * Level 1.2 Conjurations
 + Level 3.7 Fire Magic


You had 4 spell levels left.
You knew the following spells:

 Your Spells              Type           Power        Failure   Level  Hunger
a - Flame Tongue          Conj/Fire      ##...        10%         1    #......


Dungeon Overview and Level Annotations

Branches:
Dungeon (2/15)

Altars:

Annotations:
D:1 Robin


Innate Abilities, Weirdness & Mutations

You cannot wear most types of armour.
You are amphibious.
You can wear up to eight rings at the same time.
You can use your tentacles to constrict eight enemies at once.
Your skin changes colour to match your surroundings (Stealth).
Your rubbery body absorbs attacks (AC +1).


Message History

You see here a giant cockroach corpse.
Casting: Flame Tongue
Confirm with . or Enter, or press ? or * to list all spells.
Aiming: Flame Tongue
Press: ? - help, Shift-Dir - straight line, f - Robin
Aim: Robin, wielding a whip, wearing an animal skin and wearing a helmet The flame tongue hits Robin.
Robin is lightly wounded.
Robin hits you with a whip.
* * * LOW HITPOINT WARNING * * *
Casting: Flame Tongue
Confirm with . or Enter, or press ? or * to list all spells.
Aiming: Flame Tongue
Press: ? - help, Shift-Dir - straight line, f/p - Robin
Aim: Robin, wielding a whip, wearing an animal skin and wearing a helmet (lightly wounded)
The flame tongue hits Robin.
Robin is almost dead.
Robin hits you with a whip!
Ouch! That really hurt!
You die...

# ######### ### ##########
#........ #.## #........#
#.####... ...## #.######.# #.#
#... ....#####.######.# #.# ####
...##............# #.# #
#.###.#.#..##.##.# #.# #
........#..##†##@# #.# #
#.###.###..##.##g# #.# #
#+###...........g# ##.##
...#######.##.##.# #...# # ....##
#.##.##.# #..## ## .....##
#..)....# #..## ##.
......####....##########...####..
......'.....(................)'..
......####...###########...####..


You could see Robin and a goblin (frenzied).

Vanquished Creatures
  An ooze (D:1)
  A bat (D:1)
  3 goblins (D:1)
  3 hobgoblins (D:1)
  3 kobolds (D:1)
  A giant cockroach (D:1)
  5 rats (D:1)
17 creatures vanquished.

Notes
Turn   | Place    | Note
--------------------------------------------------------------
     0 | D:1      | Raultor the Octopode Fire Elementalist began the quest for the Orb.
     0 | D:1      | Reached XP level 1. HP: 11/11 MP: 3/3
   390 | D:1      | Reached XP level 2. HP: 17/17 MP: 1/5
  1068 | D:2      | Noticed Robin
  1078 | D:1      | Mangled by Robin

Action                   || total
-------------------------++-------
Melee: Unarmed           ||    34
 Cast: Flame Tongue      ||     7
 Stab: Sleeping          ||     8
